 Dungeon Crawl Stone Soup version 0.31-a0-236-g9a0961fb85 (webtiles) character file.

Game seed: 1851224186529514945

805 qw the Shooter (level 7, 0/61 HPs)
             Began as a Minotaur Hexslinger on July 10, 2023.
             Was an Initiate of Okawaru.
             Slain by a gnoll
             ... wielding a +0 halberd
             ... led by a gnoll bouda
              (6 damage)
             ... on level 5 of the Dungeon.
             The game lasted 00:01:27 (4075 turns).

qw the Shooter (Minotaur Hexslinger)                Turns: 4075, Time: 00:01:28

Health: 0/61       AC:  5    Str: 13    XL:     7   Next: 60%
Magic:  7/7        EV: 12    Int: 10    God:    Okawaru [......]
Gold:   192        SH:  0    Dex: 20    Spells: 7/8 levels left

rFire   . . .        Y - +1 sling
rCold   . . .        (no shield)
rNeg    . . .        b - +0 ring mail
rPois   .            (helmet restricted)
rElec   .            (no cloak)
rCorr   .            (no gloves)
SInv    .            (no boots)
Will    .....        e - amulet of regeneration
Stlth   +            g - +6 ring of dexterity
HPRegen 1.10/turn    (no ring)
MPRegen 0.10/turn

%: no passive effects
@: about to teleport, weakened
A: horns 2, retaliatory headbutt
a: Renounce Religion


You were on level 5 of the Dungeon.
You worshipped Okawaru.
Okawaru was noncommittal.
You visited 2 branches of the dungeon, and saw 6 of its levels.

You collected 220 gold pieces.
You spent 28 gold pieces at shops.


Innate Abilities, Weirdness & Mutations

You have a pair of horns on your head.
You reflexively headbutt those who attack you in melee.


   Skills:
 - Level 5.1 Fighting
 + Level 7.6 Ranged Weapons
 - Level 2.7 Armour
 - Level 3.0 Dodging
 - Level 1.0 Spellcasting
 - Level 2.0 Hexes


You had 7 spell levels left.
You knew the following spells:

 Your Spells              Type           Power      Damage    Failure   Level
a - Slow                  Hex            16%        N/A       30%         1

Your spell library contained the following spells:

 Spells                   Type           Power      Damage    Failure   Level
 Inner Flame              Hex/Fire       2%         N/A       80%         3
 Portal Projectile        Hex/Tloc       4%         N/A       80%         3
 Cause Fear               Hex            2%         N/A       97%         4

Inventory:

Hand Weapons
 Y - a +1 sling (weapon)
Armour
 b - a +0 ring mail (worn)
Jewellery
 e - an amulet of regeneration (around neck)
 g - a +6 ring of dexterity (left hand)
Scrolls
 h - 3 scrolls of identify
Potions
 d - a potion of haste
 f - a potion of might

Dungeon Overview and Level Annotations

Branches:
Dungeon (5/15)             Temple (1/1) D:4

Altars:
Ashenzari
Dithmenos
Elyvilon
Fedhas
Gozag
Hepliaklqana
Makhleb
Nemelex Xobeh
Okawaru
Qazlal
Ru
Sif Muna
Trog
Uskayaw
Vehumet
Wu Jian
Xom
Zin

Shops:
D:2 ?


Message History

The gnoll bouda is moderately wounded.
The gnoll bouda gazes fiercely through you!
You feel your attacks grow feeble.
You shoot a sling bullet.
The sling bullet barely misses the gnoll bouda.
The gnoll closely misses you.
You shoot a sling bullet.
The sling bullet hits the gnoll bouda but does no damage.
The gnoll bouda is moderately wounded.
The gnoll bouda hits you with a +0 club!
The gnoll sergeant hits you from afar with a +5 trident of protection!
The gnoll hits you from afar with a +0 halberd.
You shoot a sling bullet.
The sling bullet hits the gnoll bouda but does no damage.
The gnoll bouda is moderately wounded.
The gnoll bouda barely misses you. You furiously retaliate!
You headbutt the gnoll bouda. The gnoll sergeant closely misses you.
The gnoll hits you from afar with a +0 halberd.
You shoot a sling bullet.
The sling bullet barely misses the gnoll bouda.
The gnoll bouda hits you with a +0 club.
The gnoll sergeant hits you from afar with a +5 trident of protection!
The gnoll hits you from afar with a +0 halberd!
A gnoll comes into view. It is wielding a +0 club.
The gnoll bouda gazes fiercely through you!
You feel as though you will be weak longer.
The gnoll bouda closely misses you.
The gnoll sergeant hits you from afar with a +5 trident of protection.
You hear a shout!
4074 ||| READING scroll of teleportation.
As you read the scroll of teleportation, it crumbles to dust.
You feel strangely unstable.
The gnoll shouts!
You hear a shout! x2; You hear an angry growl.
The gnoll closely misses you.
The gnoll bouda hits you but does no damage.
The gnoll sergeant misses you.
You shoot a sling bullet.
The sling bullet barely misses the gnoll bouda.
The gnoll hits you from afar with a +0 halberd.
You die...

## ## #. . #.# .#. ...
... #.# # #g#########.#
#.. #.##........#
.#...##g##.######.#
.......g.@.[..###.#####.#
......<..g.##...........#
##.g.############.#######
#.. #.....# ... #.###.#
## #.# #.# ###########.#
#.# .........##<# #.#
########.##.# #.#


You could see a gnoll sergeant (swift), a gnoll bouda and 2 gnolls.

Vanquished Creatures
  Sigmund (D:3)
  Eustachio (D:4)
  A black bear (D:4)
  An ogre (D:4)
  A phantom (D:3)
  A hound (D:4)
  A gnoll bouda (D:5)
  7 gnolls
  4 adders
  An ufetubus (D:5)
  2 worms
  3 dart slugs
  12 orcs
  6 endoplasms
  2 giant cockroaches (D:2)
  7 goblins
  7 hobgoblins
  9 kobolds
  4 quokkas
  3 ball pythons
  7 bats
  5 frilled lizards
  6 rats
92 creatures vanquished.

Notes
Turn   | Place    | Note
-------+----------+-------------------------------------------
     0 | D:1      | qw the Minotaur Hexslinger began the quest for the Orb.
     0 | D:1      | Reached XP level 1. HP: 16/16 MP: 1/1
     0 | D:1      | 0 ||| qw: Version: 0.3-a-52-g30416fa
     0 | D:1      | 0 ||| qw: Game counter: 4807
     0 | D:1      | 0 ||| qw: Melee chars always use a shield: true
     0 | D:1      | 0 ||| qw: God list: Okawaru
     0 | D:1      | 0 ||| qw: Allow faded altars: false
     0 | D:1      | 0 ||| qw: Do Orc after clearing Dungeon:15 true
     0 | D:1      | 0 ||| qw: Do second Lair branch before Depths: true
     0 | D:1      | 0 ||| qw: Lair rune preference: random
     0 | D:1      | 0 ||| qw: Goals: Normal
     0 | D:1      | 0 ||| PLANNING D:1-11
   224 | D:1      | Reached skill level 3 in Ranged Weapons
   265 | D:1      | Reached XP level 2. HP: 23/23 MP: 2/2
   760 | D:1      | 760 ||| UPGRADING to +0 leather armour.
   770 | D:1      | 770 ||| DROPPING +0 robe.
   771 | D:1      | 771 ||| UPGRADING to +6 ring of dexterity.
   772 | D:1      | 772 ||| READING scroll labelled JYOGOM HUIMA.
   773 | D:1      | 773 ||| READING scroll labelled SUPNOPU NUCO.
   776 | D:1      | 776 ||| DROPPING scroll of poison.
  1175 | D:2      | Reached XP level 3. HP: 29/29 MP: 3/3
  1197 | D:2      | Found Lunk's Magic Scroll Shop.
  1204 | D:2      | 1204 ||| SHOPLISTING scroll of enchant weapon (105 gold,
                  | have 60).
  1204 | D:2      | 1204 ||| BUYING scroll of identify (28 gold).
  1204 | D:2      | Bought a scroll of identify for 28 gold pieces
  1204 | D:2      | 1204 ||| SHOPLISTING scroll of teleportation (42 gold, have
                  | 32).
  1263 | D:2      | Reached skill level 4 in Ranged Weapons
  1463 | D:2      | 1463 ||| READING scroll labelled ZUGEJU YGGINOA.
  1464 | D:2      | 1464 ||| READING scroll labelled RECWAPN GYLU.
  1465 | D:2      | 1465 ||| READING scroll labelled KEROEV ALID.
  1507 | D:3      | Noticed a phantom
  1514 | D:3      | Found a blossoming altar of Fedhas.
  1516 | D:3      | Killed a phantom
  1517 | D:3      | Reached skill level 5 in Ranged Weapons
  1517 | D:3      | Reached XP level 4. HP: 29/36 MP: 4/4
  1587 | D:3      | 1587 ||| Stepping ~*~*~tactically~*~*~ (outnumbered).
  1589 | D:3      | Reached XP level 5. HP: 36/41 MP: 5/5
  1797 | D:3      | Found a radiant altar of Vehumet.
  1878 | D:3      | Found a broken altar of Ashenzari.
  2012 | D:3      | Noticed Sigmund
  2019 | D:3      | Killed Sigmund
  2020 | D:3      | Reached XP level 6. HP: 43/56 MP: 6/6
  2073 | D:3      | Found a faded altar of an unknown god.
  2649 | D:3      | 2649 ||| UPGRADING to +0 ring mail.
  2659 | D:3      | 2659 ||| DROPPING +0 leather armour.
  2660 | D:3      | 2660 ||| READING scroll labelled WIPPOM PEURR.
  2661 | D:3      | 2661 ||| READING 5 scrolls of identify.
  2661 | D:3      | 2661 ||| IDENTIFYING fuming brown potion
  2662 | D:3      | 2662 ||| READING 4 scrolls of identify.
  2662 | D:3      | 2662 ||| IDENTIFYING ruby potion
  2663 | D:3      | 2663 ||| DROPPING potion of berserk rage.
  2775 | D:4      | Reached skill level 6 in Ranged Weapons
  2871 | D:4      | Found a staircase to the Ecumenical Temple.
  2872 | D:4      | 2872 ||| PLANNING TEMPLE
  2893 | D:4      | 2893 ||| READING scroll labelled NEW MUEMNIUR.
  3003 | Temple   | Entered the Ecumenical Temple
  3057 | Temple   | 3057 ||| PLANNING OKAWARU WORSHIP
  3125 | Temple   | Became a worshipper of Warmaster Okawaru
  3126 | Temple   | 3126 ||| PLANNING D:1-11
  3385 | D:4      | Noticed Eustachio
  3395 | D:4      | Killed Eustachio
  3396 | D:4      | Reached skill level 7 in Ranged Weapons
  3396 | D:4      | Reached XP level 7. HP: 61/61 MP: 7/7
  3616 | D:4      | Found a sacrificial altar of Ru.
  3769 | D:4      | Reached skill level 3 in Dodging
  3774 | D:4      | Reached * piety under Okawaru
  3775 | D:4      | 3775 ||| INVOKING Heroism.
  3861 | D:4      | 3861 ||| UPGRADING to amulet of regeneration.
  3866 | D:4      | 3866 ||| READING 5 scrolls of identify.
  3866 | D:4      | 3866 ||| IDENTIFYING amethyst potion
  3867 | D:4      | 3867 ||| READING 4 scrolls of identify.
  3867 | D:4      | 3867 ||| IDENTIFYING fuming orange potion
  3868 | D:4      | 3868 ||| DROPPING potion of brilliance.
  3905 | D:5      | Entered Level 5 of the Dungeon
  3939 | D:5      | 3939 ||| Stepping ~*~*~tactically~*~*~ (outnumbered).
  3949 | D:5      | 3949 ||| Stepping ~*~*~tactically~*~*~ (outnumbered).
  3950 | D:5      | 3950 ||| Stepping ~*~*~tactically~*~*~ (outnumbered).
  3968 | D:5      | HP: 15/61 [gnoll/+0 halberd[a gnoll bouda] (4)]
  3969 | D:5      | 3969 ||| READING 3 scrolls of teleportation.
  3970 | D:5      | HP: 5/61 [gnoll/+0 halberd[a gnoll bouda] (11)]
  3972 | D:5      | 3972 ||| READING 2 scrolls of teleportation.
  3974 | D:5      | HP: 1/61 [white imp/puff of frost (9)]
  4065 | D:5      | 4065 ||| Stepping ~*~*~tactically~*~*~ (outnumbered).
  4067 | D:5      | 4067 ||| Stepping ~*~*~tactically~*~*~ (outnumbered).
  4073 | D:5      | HP: 9/61 [gnoll/+0 halberd[a gnoll bouda] (12)]
  4073 | D:5      | HP: 4/61 [gnoll sergeant/+5 trident of protection (5)]
  4074 | D:5      | 4074 ||| READING scroll of teleportation.
  4075 | D:5      | Slain by a gnoll

Levels and vault maps discovered:
D:1:      matt_arrival_grand_opening, layout_basic, grunt_decor_clamped,
          chequers_decorated_corner, st_stairs_11
D:2:      layout_basic, serial_shops, nicolae_shop_trees
D:3:      layout_basic, fedhas_altar_3, general_overflow_altar,
          lemuel_tele_altar, hellmonk_ecumenical_altar_inner_sanctum,
          minmay_pentomino_pile, uniq_sigmund
D:4:      layout_gridville, mainiacjoe_overflow_alcove_2,
          minmay_temple_entry_slanted, minivault_11, minmay_misc_feat_x,
          uniq_eustachio
D:5:      layout_loops_ring, grunt_ministairs_7, kennysheep_generic_room_11
Temple:   nicolae_temple_two_arcs

Skill      XL: |  1  2  3  4  5  6  7 |
---------------+----------------------+-----
Ranged Weapons | 3 5 7 |  7.6
Fighting       | 2 5 |  5.1
Armour         | 2 |  2.7
Dodging        | 3 |  3.0
Spellcasting   | |  1.0
Hexes          | |  2.0

Action                     |  1- 3 |  4- 6 |  7- 9 || total
---------------------------+-------+-------+-------++-------
   Fire: Sling             |   129 |   123 |    75 ||   327
 Invoke: Heroism           |       |       |     1 ||     1
    Use: Scroll            |     5 |     4 |     5 ||    14
 Armour: Robe              |     4 |       |       ||     4
         Leather armour    |    13 |     9 |       ||    22
         Ring mail         |       |     5 |     7 ||    12
  Dodge: Dodged            |    26 |    41 |    51 ||   118

Table legend:
 A = Non-vault XP
 B = Vault XP
 C = Vault XP percentage of total XP
 D = Non-vault monster count
 E = Vault monster count
 F = Vault count percentage of total count
                 A         B        C        D         E       F
            +---------+---------+-------+---------+---------+-------
      Total |     720 |     430 |  37.4 |      79 |      13 |  14.1
            +---------+---------+-------+---------+---------+-------
        D:1 |      13 |       6 |  31.6 |      10 |       4 |  28.6
        D:2 |      64 |       0 |   0.0 |      20 |       0 |   0.0
        D:3 |     139 |     227 |  62.0 |      20 |       8 |  28.6
        D:4 |     405 |     197 |  32.7 |      22 |       1 |   4.3
        D:5 |      99 |       0 |   0.0 |       7 |       0 |   0.0
            +---------+---------+-------+---------+---------+-------
